 Dungeon Crawl Stone Soup version 0.27.1-33-g824d729ab1 (webtiles) character file.

Game seed: 16816578270629847315

122 mcbry74 the Bolt Thrower (level 5, -4/30 HPs)
             Began as a Kobold Hunter on Dec 23, 2021.
             Was an Initiate of Ru.
             Slain by a hornet zombie (6 damage)
             ... on level 3 of the Dungeon.
             The game lasted 00:10:09 (3495 turns).

mcbry74 the Bolt Thrower (Kobold Hunter)            Turns: 3495, Time: 00:10:10

Health: -4/30      AC:  7    Str: 15    XL:     5   Next: 27%
Magic:  5/5        EV: 14    Int: 13    God:    Ru [......]
Gold:   91         SH:  0    Dex: 16    Spells: 4/4 levels left

rFire    . . .     SeeInvis .   b - +0 short sword
rCold    . . .     Faith    .   (shield restricted)
rNeg     . . .     Spirit   .   c - +0 leather armour
rPois    .         Reflect  .   (no helmet)
rElec    .         Harm     .   (no cloak)
rCorr    .         Rampage  .   (no gloves)
Will     .....                  (no boots)
Stlth    +++.......             (no amulet)
HPRegen  0.10/turn              h - +4 ring of protection
MPRegen  0.09/turn              n - +6 ring of strength

@: no status effects
A: small, no large weapons, nightstalker 3
a: Renounce Religion


You were on level 3 of the Dungeon.
You worshipped Ru.
Ru was noncommittal.
You visited 1 branch of the dungeon, and saw 3 of its levels.

You collected 91 gold pieces.

Inventory:

Hand Weapons
 a - a +1 hand crossbow
 b - a +0 short sword (weapon)
 e - a +2 whip of venom
 k - a +0 dagger
Missiles
 d - 41 bolts
 i - 19 sling bullets
 m - 14 poisoned darts (quivered)
 p - 39 arrows
Armour
 c - a +0 leather armour (worn)
Jewellery
 h - a +4 ring of protection (left hand)
 n - a +6 ring of strength (right hand)
Scrolls
 f - a scroll of blinking {unknown}
 g - 2 scrolls of identify {unknown}
 j - a scroll of enchant armour {unknown}
 l - a scroll of summoning {unknown}
 q - a scroll of enchant weapon {unknown}
 r - a scroll of noise {unknown}
Potions
 o - a potion of cancellation {unknown}


   Skills:
 - Level 2.1 Fighting
 + Level 4.8 Short Blades
 + Level 4.8 Crossbows
 - Level 2.4 Dodging
 + Level 4.0 Stealth


You had 4 spell levels left.
You didn't know any spells.
Your spell library was empty.

Dungeon Overview and Level Annotations

Branches:
Dungeon (3/15)

Altars:
Ru


Innate Abilities, Weirdness & Mutations

You are small and have problems with some larger weapons.
You are completely attuned to the shadows.


Message History

The hornet zombie hits you.
You hit the hornet zombie but do no damage.
The hornet zombie is heavily damaged.
The hornet zombie closely misses you.
You closely miss the hornet zombie.
The hornet zombie is heavily damaged.
The hornet zombie hits you!
* * * LOW HITPOINT WARNING * * *
You barely miss the hornet zombie.
The hornet zombie is heavily damaged.
The hornet zombie misses you.
You closely miss the hornet zombie.
The hornet zombie is heavily damaged.
The hornet zombie barely misses you.
You hit the hornet zombie.
The hornet zombie is heavily damaged.
The hornet zombie hits you but does no damage.
You hit the hornet zombie but do no damage.
The hornet zombie is heavily damaged.
The hornet zombie barely misses you. The hornet zombie closely misses you.
You hit the hornet zombie.
The hornet zombie is heavily damaged.
The hornet zombie closely misses you.
You hit the hornet zombie but do no damage.
The hornet zombie is heavily damaged.
The hornet zombie hits you!
* * * LOW HITPOINT WARNING * * *
You barely miss the hornet zombie.
The hornet zombie is heavily damaged.
The hornet zombie hits you but does no damage.
You hit the hornet zombie.
The hornet zombie is severely damaged.
The hornet zombie closely misses you.
You barely miss the hornet zombie.
The hornet zombie is severely damaged.
The hornet zombie hits you but does no damage.
You closely miss the hornet zombie.
The hornet zombie is severely damaged.
The hornet zombie hits you.
You die...

.#...(. .....
#.#...#
#.#.Z.#
#..@.# ##..##
#.#'## ..
#.#...## #.#
##.....##
##..#
#.......##
#####...###
####.....####
..........
#.....'<..
#####...##
#.....####


You could see a hornet zombie.

Vanquished Creatures
  Natasha (twice) (D:2)
  4 adders
  A ball python (D:2)
  5 endoplasms
  3 giant cockroaches (D:3)
  4 goblins
  5 hobgoblins
  2 quokkas
  2 bats
  A frilled lizard (D:1)
  2 kobolds (D:1)
  8 rats
39 creatures vanquished.

Vanquished Creatures (others)
  A demonic plant (D:2)
1 creature vanquished.

Grand Total: 40 creatures vanquished

Notes
Turn   | Place    | Note
-------+----------+-------------------------------------------
     0 | D:1      | mcbry74 the Kobold Hunter began the quest for the Orb.
     0 | D:1      | Reached XP level 1. HP: 12/12 MP: 1/1
    79 | D:1      | Reached skill level 1 in Short Blades
   227 | D:1      | Reached XP level 2. HP: 17/17 MP: 2/2
  1282 | D:2      | Reached XP level 3. HP: 16/21 MP: 3/3
  1814 | D:2      | Noticed Natasha
  1821 | D:2      | Killed Natasha
  1822 | D:2      | Reached XP level 4. HP: 25/26 MP: 4/4
  2274 | D:2      | Noticed an Executioner
  2278 | D:2      | Found a faded altar of an unknown god.
  2282 | D:2      | Became a worshipper of Ru the Awakened
  2326 | D:2      | Noticed Natasha
  2348 | D:2      | Killed Natasha
  2781 | D:3      | Reached XP level 5. HP: 30/30 MP: 5/5
  3495 | D:3      | Slain by a hornet zombie

Illustrated notes

Levels and vault maps discovered:
D:1:      amcnicky_arrival_choice, layout_loops_cross, serial_forest,
          infiniplex_forest_lined_corner, infiniplex_forest_lined_corner,
          infiniplex_forest_end_2, infiniplex_forest_straight_4,
          infiniplex_forest_end_3, infiniplex_forest_corner_1,
          infiniplex_forest_clump_tiny, infiniplex_forest_clump_cross,
          nrook_loot_triangle, serial_park_tiny_1
D:2:      cheibrodos_helix_gallery, layout_basic,
          dreamdust_ecumenical_altar_sealed_demon, uniq_natasha
D:3:      layout_loops_corners, mainiacjoe_overflow_six_doors_small,
          gammafunk_ghost_grave, hangedman_decor_push, kennysheep_jessica_study

Skill      XL: |  1  2  3  4  5 |
---------------+----------------+-----
Short Blades   | 1 2 3 4 |  4.8
Stealth        | 2 3 4 |  4.0
Fighting       | |  2.1
Crossbows      | |  4.8
Dodging        | |  2.4

Action                   |  1- 3 |  4- 6 || total
-------------------------+-------+-------++-------
Melee: Short sword       |    49 |    25 ||    74
       Dagger            |    25 |    67 ||    92
 Fire: Hand crossbow     |    10 |     3 ||    13
Throw: Dart              |     1 |     8 ||     9
Invok: Reject Sacrifices |       |     1 ||     1
 Stab: Sleeping          |     8 |     5 ||    13
       Distracted        |     1 |       ||     1
Armor: Leather armour    |    15 |    21 ||    36
Dodge: Dodged            |    43 |    40 ||    83
